 Dungeon Crawl Stone Soup version 0.19-a0-904-ga29959e (webtiles) character file.

621 MrRokkomies the Vexing (level 7, -4/55 HPs)
             Began as a Vampire Arcane Marksman on July 4, 2016.
             Killed by divine providence
             ... invoked by an orc priest
              (11 damage)
             ... on level 4 of the Dungeon on July 5, 2016.
             The game lasted 00:22:29 (5514 turns).

MrRokkomies the Vexing (Vampire Arcane Marksman)    Turns: 5514, Time: 00:22:30

Health: -4/55      AC:  4    Str: 10    XL:     7   Next: 22%
Magic:  8/8        EV: 12    Int: 18    God:
Gold:   112        SH:  0    Dex: 13    Spells: 3 memorised, 2 levels left

rFire  . . .     SeeInvis +     a - +1 hand crossbow
rCold  + . .     Gourm    .     g - +0 leather armour (curse)
rNeg   + + .     Faith    .     (no shield)
rPois  +         Spirit   .     (no helmet)
rElec  .         Dismiss  .     l - +0 cloak
rCorr  +         Reflect  .     (no gloves)
SustAt .         Harm     .     (no boots)
MR     .....                    (no amulet)
Stlth  +.........               (no ring)
                                k - ring of resist corrosion

@: regenerating slowly, not resistant to hostile enchantments, very unstealthy
A: fangs 3, see invisible, unbreathing
a: Bat Form


You were on level 4 of the Dungeon.
You were thirsty.

You visited 1 branch of the dungeon, and saw 4 of its levels.

You collected 112 gold pieces.

Inventory:

Hand Weapons
 a - a +1 hand crossbow (weapon)
 b - a +0 whip of venom
Missiles
 d - 13 bolts (quivered)
Armour
 g - a cursed +0 leather armour (worn)
 l - a +0 cloak (worn)
Jewellery
 k - a ring of resist corrosion (left hand)
Wands
 h - a wand of slowing (17/48)
Scrolls
 f - 3 scrolls of remove curse
 j - a scroll of teleportation
 m - 3 scrolls of identify
Potions
 e - a potion of brilliance
 i - 2 potions of flight
 n - a potion of cancellation
Books
 c - a book of Debilitation

   Spells                             Type                      Level
   a - Corona                         Hexes                        1
   b - Slow                           Hexes                        2
   c - Gell's Gravitas                Hexes/Translocation          3
   d - Inner Flame                    Hexes/Fire                   3
   e - Cause Fear                     Hexes                        4
   f - Leda's Liquefaction            Hexes/Earth                  4


   Skills:
 * Level 4.6 Fighting
 * Level 4.9 Crossbows
 - Level 2.1 Dodging
 - Level 1.0 Spellcasting
 - Level 5.0 Hexes


You had 2 spell levels left.
You knew the following spells:

 Your Spells              Type           Power        Failure   Level  Hunger
a - Corona                Hex            ###....      4%          1    ##.....
b - Slow                  Hex            ###.....     8%          2    ###....
c - Inner Flame           Hex/Fire       #.......     34%         3    ####...


Dungeon Overview and Level Annotations

Branches:
Dungeon (4/15)
 Temple: D:4-7

Altars:
Nemelex Xobeh
Pakellas
Uskayaw

Shops:
D:4 }


Innate Abilities, Weirdness & Mutations

You heal slowly.
You have razor-sharp teeth.
You have supernaturally acute eyesight. (SInv)
You can survive without breathing.


Message History

Okay, then.
You closely miss the orc priest.
The orc priest is moderately wounded.
You hit the orc priest.
The orc priest is heavily wounded.
The orc priest mumbles some strange prayers to Beogh against you.
Pain shoots through your body!
* * * LOW HITPOINT WARNING * * *
The orc priest hits you but does no damage.
You closely miss the orc priest.
The orc priest is heavily wounded.
You hit the orc priest.
The orc priest is poisoned.
The orc priest is severely wounded.
The orc priest hits you with a mace.
* * * LOW HITPOINT WARNING * * *
Your +0 whip of venom stops dripping with poison.
a - a +1 hand crossbow (weapon)
The orc priest calls down the wrath of Beogh upon you.
Beogh smites you!
You die...

# #.#.##.##...# ##o
#...##.#..>## #..
#.#.##†#..#### #.#
#.#....#.###.. #.#
#.#....#.##..# #o#
#.##...#.##.## ##.#
##.###....##...
#.(####..###.........
#((o@.%........#....#
######.#####........#
##..# #.......## ##..##
#⌠.⌠..#.# #.
#..#######.\..##.# #.##
# #.###.....⌠.⌠.##..
#%. #.###
#<....###.....###(# #..
....###.#####..>..###
.. #.#
#..##.##.......######..


You could see an orc priest.

Vanquished Creatures
  Edmund (D:4)
  An ogre (D:4)
  2 scorpions (D:4)
  Jessica (D:3)
  Crazy Yiuf (D:2)
  Ijyb (D:3)
  A worker ant (D:4)
  4 gnolls
  9 adders
  An ooze (D:3)
  3 worms
  2 dart slugs
  5 giant geckos
  9 orcs
  12 bats
  3 giant cockroaches
  8 goblins
  8 hobgoblins
  2 jackals (D:3)
  8 kobolds
  2 ball pythons (D:3)
  A giant newt (D:3)
  10 rats
95 creatures vanquished.

Notes
Turn   | Place    | Note
-------+----------+-------------------------------------------
     0 | D:1      | MrRokkomies the Vampire Arcane Marksman began the quest for the Orb.
     0 | D:1      | Reached XP level 1. HP: 14/14 MP: 2/2
   199 | D:1      | Reached XP level 2. HP: 18/20 MP: 3/3
   213 | D:1      | Learned a level 2 spell: Slow
   266 | D:1      | Reached skill level 5 in Hexes
   472 | D:1      | Reached skill level 1 in Fighting
   615 | D:1      | Reached XP level 3. HP: 24/26 MP: 4/4
   880 | D:2      | Found a runed door.
  1087 | D:2      | Found a hide-covered altar of Uskayaw.
  1087 | D:2      | Found a sparkling altar of Nemelex Xobeh.
  1617 | D:2      | Found an oddly glowing altar of Pakellas.
  1638 | D:2      | Reached XP level 4. HP: 15/33 MP: 5/5
  2220 | D:2      | Noticed Crazy Yiuf
  2237 | D:2      | Killed Crazy Yiuf
  2327 | D:3      | Noticed Jessica
  2338 | D:3      | Killed Jessica
  2338 | D:3      | Reached XP level 5. HP: 39/39 MP: 6/6
  3320 | D:3      | Noticed Ijyb
  4061 | D:3      | Killed Ijyb
  4552 | D:4      | Found Qocoucsul's Gadget Emporium.
  4611 | D:4      | Reached XP level 6. HP: 47/47 MP: 4/7
  4618 | D:4      | Noticed Edmund
  4662 | D:4      | Killed Edmund
  4864 | D:4      | Reached XP level 7. HP: 53/55 MP: 1/8
  4931 | D:3      | Learned a level 3 spell: Inner Flame
  4931 | D:3      | Upgraded the game from 0.19-a0-879-gdac7d08 to 0.19-a0-904-ga29959e
  5514 | D:4      | Killed from afar by an orc priest

Vault maps used:
D:1:      saegor_arrival_miasma
D:2:      overflow_temple_1_default, gammafunk_temple_overflow_elements,
          uniq_crazy_yiuf_cottage
D:3:      uniq_iyjb, uniq_jessica
D:4:      first_bread, serial_shops, shop_fountains, guppyfry_early_lair_pool,
          uniq_edmund

Skill      XL: |  1  2  3  4  5  6 |
---------------+-------------------+-----
Crossbows      | 2 3 4 |  4.9
Hexes          | 5 |  5.0
Fighting       | 1 2 3 4 |  4.6
Dodging        | |  2.1
Spellcasting   | |  1.0

Action                   |  1- 3 |  4- 6 |  7- 9 || total
-------------------------+-------+-------+-------++-------
Melee: Club              |    40 |       |       ||    40
       Short sword       |    89 |   126 |    15 ||   230
       Bite              |    10 |    10 |     2 ||    22
       Whip              |       |       |    43 ||    43
 Fire: Hand crossbow     |    29 |    90 |    23 ||   142
 Cast: Corona            |       |     4 |       ||     4
       Slow              |       |    14 |     3 ||    17
 Abil: End Transformatio |       |     2 |     1 ||     3
       Bat Form          |       |     2 |     1 ||     3
  Use: Scroll            |     3 |     4 |     1 ||     8
       Potion            |     3 |     1 |       ||     4
  Eat: Corpse            |     1 |     5 |     2 ||     8
Armor: Robe              |    33 |       |       ||    33
       Leather armour    |    19 |    55 |    15 ||    89
Dodge: Dodged            |   127 |   152 |    39 ||   318
